 Dungeon Crawl Stone Soup version 0.28-a0-1356-g2ad6d04315 (webtiles) character file.

Game seed: 13992608584952039045

75 frimble the Slasher (level 4, -1/33 HPs)
             Began as a Demonspawn Warper on Dec 31, 2021.
             Succumbed to a water moccasin's poison
             ... on level 3 of the Dungeon.
             The game lasted 00:01:54 (2460 turns).

frimble the Slasher (Demonspawn Warper)             Turns: 2460, Time: 00:01:55

Health: -1/33      AC:  4    Str: 12    XL:     4   Next: 11%
Magic:  5/7        EV: 12    Int: 16    God:
Gold:   72         SH:  0    Dex: 12    Spells: 5/7 levels left

rFire   . . .      SeeInvis .   j - +1 long sword (freeze)
rCold   + . .      Faith    .   (no shield)
rNeg    . . .      Spirit   .   g - +1 leather armour {rC+}
rPois   .          Reflect  .   (no helmet)
rElec   .          Harm     .   (no cloak)
rCorr   .          Rampage  .   (no gloves)
Will    .....                   (no boots)
Stlth   +.........              (no amulet)
HPRegen 0.11/turn               (no ring)
MPRegen 0.10/turn               (no ring)

@: lethally poisoned (-1 -> -11), flying, invisible
A: powered by pain 2, demonic touch 1
a: no special abilities


You were on level 3 of the Dungeon.
You visited 1 branch of the dungeon, and saw 3 of its levels.

You collected 72 gold pieces.

Inventory:

Hand Weapons
 j - a +1 long sword of freezing (weapon)
Missiles
 d - 5 boomerangs of dispersal (quivered)
Armour
 g - a +1 leather armour of cold resistance (worn)
Scrolls
 a - 2 scrolls of immolation
 c - a scroll of blinking
Potions
 b - 2 potions of invisibility
 f - a potion of lignification {unknown}
 h - 2 potions of curing {unknown}
 i - a potion of might {unknown}


   Skills:
 + Level 2.1 Fighting
 + Level 3.1 Long Blades
 - Level 0.8 Throwing
 - Level 0.8 Armour
 - Level 3.0 Dodging
 - Level 2.0 Spellcasting
 - Level 2.6 Translocations


You had 5 spell levels left.
You knew the following spells:

 Your Spells              Type           Power      Damage    Failure   Level
a - Blink                 Tloc           20%        N/A       13%         2

Your spell library contained the following spells:

 Spells                   Type           Power      Damage    Failure   Level
 Gell's Gravitas          Tloc           10%        N/A       26%         3
 Lesser Beckoning         Tloc           10%        N/A       26%         3
 Teleport Other           Tloc           10%        N/A       26%         3
 Manifold Assault         Tloc           10%        N/A       94%         5


Dungeon Overview and Level Annotations

Branches:
Dungeon (3/15)

Altars:
Xom

Annotations:
D:2 Sigmund


Innate Abilities, Weirdness & Mutations

You sometimes gain power by taking damage.
Your touch may inflict minor irresistible damage on your foes.


Message History

You are too injured to fight recklessly!
You are too injured to fight recklessly!
You are too injured to fight recklessly!
You are too injured to fight recklessly!
You are too injured to fight recklessly!
You are too injured to fight recklessly!
You are too injured to fight recklessly!
You are too injured to fight recklessly!
You are too injured to fight recklessly!
Casting: Blink (safe; 13% risk of failure)
Confirm with . or Enter, or press ? or * to list all spells.
You blink.
It was a potion of invisibility.
You fade into invisibility!
The water moccasin is no longer moving slowly.
You catch the helpless water moccasin completely off-guard!
You hit the water moccasin but do no damage.
The water moccasin is moderately wounded.
The water moccasin closely misses you. The water moccasin misses you.
You hit the water moccasin. You freeze the water moccasin.
The water moccasin is moderately wounded.
The water moccasin bites you!
You are lethally poisoned!
The water moccasin poisons you! The water moccasin barely misses you.
You hit the water moccasin. You freeze the water moccasin.
Your touch misses the water moccasin.
The water moccasin is heavily wounded.
* * * LOW HITPOINT WARNING * * *
You feel very sick. The water moccasin closely misses you.
You catch the helpless water moccasin completely off-guard!
You hit the water moccasin. You freeze the water moccasin.
The water moccasin is heavily wounded.
You feel stable enough to blink again.
* * * LOW HITPOINT WARNING * * *
You feel very sick.
It was a potion of flight.
You feel very buoyant.
You fly up into the air.
You die...

.#...................
..).................. #
.#....................#
...####.#...#.#####...#
.### #.#...#.#####..###
## #.#...#.##.S......
#.#...#.##.#
#.#...#.##.###
#.........@..#
.......###.#.# .#####.#
#..... #. ###.### .. .#
#. # #. ..


You could see a water moccasin.

Vanquished Creatures
  A gnoll (D:1)
  An adder (D:3)
  A dart slug (D:1)
  3 endoplasms (D:1)
  3 giant cockroaches (D:1)
  5 goblins
  5 hobgoblins
  4 jackals (D:2)
  5 quokkas
  7 ball pythons
  4 bats
  3 frilled lizards
  5 kobolds
  5 rats
52 creatures vanquished.

Notes
Turn   | Place    | Note
-------+----------+-------------------------------------------
     0 | D:1      | frimble the Demonspawn Warper began the quest for the Orb.
     0 | D:1      | Reached XP level 1. HP: 16/16 MP: 3/3
   539 | D:1      | Gained mutation: Your touch may inflict minor irresistible
                  | damage on your foes. [demonic ancestry]
   539 | D:1      | Reached XP level 2. HP: 20/22 MP: 5/5
  1005 | D:1      | Gained mutation: You sometimes gain a little power by
                  | taking damage. [demonic ancestry]
  1005 | D:1      | Reached XP level 3. HP: 19/27 MP: 6/6
  1529 | D:1      | Found a faded altar of an unknown god.
  1781 | D:2      | Found a shimmering altar of Xom.
  1907 | D:2      | Learned a level 2 spell: Blink
  2160 | D:2      | Noticed Sigmund
  2330 | D:3      | Gained mutation: You sometimes gain power by taking damage.
                  | [demonic ancestry]
  2330 | D:3      | Reached XP level 4. HP: 28/33 MP: 7/7
  2450 | D:3      | Noticed a water moccasin
  2459 | D:3      | HP: 1/33 [poisoned by a water moccasin]
  2460 | D:3      | Succumbed to a water moccasin's poison

Illustrated notes

Levels and vault maps discovered:
D:1:      minmay_arrival_cross, layout_basic, serial_co_window_serial,
          co_window_paths_a, co_window_paths_a, co_window_paths_b,
          co_window_paths_a, co_window_of_opportunity_a, co_window_broadway_a,
          co_window_corner_ca, co_window_cross_3, glass_columns_a,
          glass_columns_c, glass_columns_a, glass_columns_b, glass_columns_b,
          ebering_ecumenical_altar_webs, minmay_box_of_dots
D:2:      layout_rooms, basic_altar, uniq_sigmund
D:3:      layout_loops_cross

Skill      XL: |  1  2  3 |
---------------+----------+-----
Long Blades    | 2 3 |  3.1
Dodging        | 2 3 |  3.0
Fighting       | |  2.1
Throwing       | |  0.8
Armour         | |  0.8
Spellcasting   | |  2.0
Translocations | |  2.6

Action                   |  1- 3 |  4- 6 || total
-------------------------+-------+-------++-------
Melee: Falchion          |    94 |       ||    94
       Touch             |    13 |     1 ||    14
       Long sword        |    55 |    10 ||    65
 Cast: Blink             |       |     1 ||     1
  Use: Scroll            |     4 |       ||     4
       Potion            |       |     2 ||     2
 Stab: Invisible         |       |     2 ||     2
Armor: Leather armour    |    46 |       ||    46
Dodge: Dodged            |   117 |     7 ||   124

Table legend: (Time is in decaauts)
 A = Elapsed time spent in this place.
 B = Non-inter-level travel time spent in this place.
 C = Inter-level travel time spent in this place.
 D = Time resting spent in this place.
 E = Time spent auto-exploring this place.
 F = Levels seen in this place.
 G = Mean time per level.
                   A        B        C        D        E       F      G
               +--------+--------+--------+--------+--------+-----+--------+
         Total |   2492 |   2425 |     67 |      0 |   2007 |   3 |  830.7 |
       Dungeon |   2492 |   2425 |     67 |      0 |   2007 |   3 |  830.7 |
               +--------+--------+--------+--------+--------+-----+--------+

Top non-repeatable levels by time:
     D:1: 1797 daAuts
     D:2: 406 daAuts
     D:3: 289 daAuts
